 Dungeon Crawl Stone Soup version 0.27.1-1-g398f81649c (webtiles) character file.

Game seed: 11317306006750655472

1016 MisterFreud the Skirmisher (level 8, 0/63 HPs)
             Began as a Gnoll Wanderer on Sept 21, 2021.
             Was a Follower of Uskayaw.
             Slain by Maggie (3 damage)
             ... on level 6 of the Dungeon.
             The game lasted 00:11:41 (6024 turns).

MisterFreud the Skirmisher (Gnoll Wanderer)         Turns: 6024, Time: 00:11:42

Health: 0/63       AC:  6    Str: 11    XL:     8   Next: 21%
Magic:  14/14      EV: 12    Int: 14    God:    Uskayaw [*.....]
Gold:   230        SH:  0    Dex: 12    Spells: 13/15 levels left

rFire    + . .     SeeInvis .   c - +2 trident (venom)
rCold    . . .     Faith    +   (no shield)
rNeg     . . .     Spirit   .   b - +0 robe
rPois    .         Reflect  .   (no helmet)
rElec    .         Harm     .   (no cloak)
rCorr    .         Rampage  .   (no gloves)
Will     .....                  (no boots)
Stlth    ++........             x - amulet of faith
HPRegen  0.20/turn              j - +4 ring of protection
MPRegen  0.14/turn              n - ring of protection from fire

@: mesmerised
A: fangs 1, strong nose, distributed training
a: Renounce Religion, Stomp


You were on level 6 of the Dungeon.
You worshipped Uskayaw.
Uskayaw was noncommittal.
You visited 1 branch of the dungeon, and saw 6 of its levels.

You collected 230 gold pieces.

Inventory:

Hand Weapons
 a - a +0 dagger
 c - a +2 trident of venom (weapon)
Missiles
 e - 71 stones (quivered)
 o - 45 poisoned darts
 p - 3 atropa-tipped darts
 v - 8 boomerangs
Armour
 b - a +0 robe (worn)
 s - a +0 buckler
Jewellery
 j - a +4 ring of protection (left hand)
 n - a ring of protection from fire (right hand)
 x - an amulet of faith (around neck)
Wands
 i - a wand of polymorph (4)
 u - a wand of acid (8)
 w - a wand of paralysis (6)
Scrolls
 d - a scroll of identify
 f - 3 scrolls of teleportation
 g - 2 scrolls of enchant weapon {unknown}
 h - 3 scrolls of immolation
 q - a scroll of vulnerability
Potions
 k - a potion of mutation
 l - a potion of degeneration
 m - 3 potions of curing
 r - a potion of heal wounds
 t - a potion of lignification


   Skills:
 + Level 5.5 Fighting
 + Level 3.1 Short Blades
 + Level 3.1 Long Blades
 + Level 3.1 Axes
 + Level 3.1 Maces & Flails
 + Level 3.1 Polearms
 + Level 3.1 Staves
 + Level 3.1 Slings
 + Level 3.1 Bows
 + Level 4.0 Crossbows
 + Level 4.0 Throwing
 + Level 3.1 Armour
 + Level 3.1 Dodging
 + Level 3.1 Stealth
 + Level 4.0 Shields
 + Level 3.1 Unarmed Combat
 + Level 4.2 Spellcasting
 + Level 2.5 Conjurations
 + Level 2.5 Hexes
 + Level 2.5 Summonings
 + Level 2.5 Necromancy
 + Level 2.5 Translocations
 + Level 2.5 Transmutations
 + Level 4.6 Fire Magic
 + Level 2.5 Ice Magic
 + Level 2.5 Air Magic
 + Level 4.6 Earth Magic
 + Level 2.5 Poison Magic
 + Level 3.4 Invocations
 + Level 3.1 Evocations


You had 13 spell levels left.
You knew the following spells:

 Your Spells              Type           Power      Damage    Failure   Level
a - Sandblast             Erth           30%        2d9       2%          1
b - Foxfire               Conj/Fire      48%        2x1d6     4%          1

Your spell library contained the following spells:

 Spells                   Type           Power      Damage    Failure   Level
 Magic Dart               Conj           36%        1d4       7%          1
 Slow                     Hex            9%         N/A       11%         2
 Conjure Flame            Conj/Fire      12%        6-21      13%         3
 Inner Flame              Hex/Fire       12%        N/A       13%         3
 Stone Arrow              Conj/Erth      24%        3d8       13%         3
 Confusing Touch          Hex            9%         N/A       21%         3
 Dazzling Flash           Conj/Hex       18%        N/A       21%         3
 Vampiric Draining        Necr           4%         2d6       21%         3
 Sticky Flame             Conj/Fire      12%        2d4       41%         4
 Fireball                 Conj/Fire      6%         3d5       77%         5
 Dispersal                Tloc           4%         N/A       100%        6
 Disjunction              Tloc           4%         N/A       100%        8


Dungeon Overview and Level Annotations

Branches:
Dungeon (6/15)
 Temple: D:4-7

Altars:
Trog
Uskayaw
Xom
The Shining One

Annotations:
D:6 Maggie


Innate Abilities, Weirdness & Mutations

You have very sharp teeth.
Your uncanny sense of smell can sniff out nearby items.
Your experience applies equally to all skills.


Message History

Your punch misses Maggie.
Maggie is lightly wounded.
Maggie casts a spell.
Maggie attempts to bespell you! You resist with some effort.
Maggie hits you with a +1 scimitar of flaming.
Maggie burns you.
Unknown command.
You hit Maggie.
Maggie is lightly wounded.
Maggie hits you with a +1 scimitar of flaming.
Maggie burns you.
* * * LOW HITPOINT WARNING * * *
You closely miss Maggie.
Maggie is lightly wounded.
Maggie hits you with a +1 scimitar of flaming.
* * * LOW HITPOINT WARNING * * *
Unknown command.
Unknown command.
Unknown command.
Unknown command.
Unknown command.
Unknown command.
Unknown command.
Unknown command.
Unknown command.
Aiming: Corrosive Bolt
Press: ? - help, Shift-Dir - straight line, f - Maggie
Aim: Maggie, wielding a +1 scimitar of flaming and wearing +0 acid dragon scales (moderately wounded, extremely poisoned, 74% to hit)
The bolt of acid hits Maggie!
Maggie is moderately wounded.
Maggie mumbles some strange words.
Maggie attempts to bespell you!
You are mesmerised by Maggie!
Unknown command.
You hit Maggie. You bite Maggie, but do no damage.
Maggie is heavily wounded.
Maggie hits you with a +1 scimitar of flaming!
* * * LOW HITPOINT WARNING * * *
Maggie burns you.
You die...

#.# ####.# .#
..#.#######..
#............
#............
#.†..........
#<...........
#.....@......
##...@.......
...............
##.............
...##...#####..
.... ..... .
∆#.#...######
.#.#.. .#


You could see Maggie (mesmerising, extremely poisoned).

Vanquished Creatures
  A sky beast (D:6)
  2 necrophages
  2 ogres (D:5)
  A scorpion (D:5)
  2 water moccasin skeletons
  A crimson imp (D:5)
  4 hounds
  2 bullfrog skeletons
  An orc wizard (D:4)
  A scorpion zombie (D:5)
  A hound skeleton (D:4)
  A howler monkey skeleton (D:5)
  A howler monkey zombie (D:5)
  4 adders
  A shadow imp (D:4)
  2 worms (D:2)
  2 dart slugs
  3 orcs (D:4)
  6 bats
  2 endoplasms
  8 giant cockroaches
  8 goblins
  8 hobgoblins
  A jackal (D:3)
  6 quokkas
  6 ball pythons
  A ball python skeleton (D:2)
  3 frilled lizards
  A goblin skeleton (D:5)
  A hobgoblin zombie (D:5)
  3 kobolds
  A kobold skeleton (D:5)
  3 kobold zombies (D:5)
  2 orc skeletons (D:5)
  An orc zombie (D:5)
  6 rats
99 creatures vanquished.

Vanquished Creatures (others)
  123 foxfires
123 creatures vanquished.

Grand Total: 222 creatures vanquished

Notes
Turn   | Place    | Note
-------+----------+-------------------------------------------
     0 | D:1      | MisterFreud the Gnoll Wanderer began the quest for the Orb.
     0 | D:1      | MisterFreud set off with the following items: a +0 dagger,
                  | a +0 robe; and the following spells available to memorise:
                  | Sandblast, Foxfire, Magic Dart, Conjure Flame, Inner Flame,
                  | Stone Arrow, Dazzling Flash, Sticky Flame, Fireball
     0 | D:1      | Reached XP level 1. HP: 20/20 MP: 4/4
    23 | D:1      | Learned a level 1 spell: Sandblast
    67 | D:1      | Learned a level 1 spell: Foxfire
   294 | D:1      | Reached XP level 2. HP: 26/26 MP: 2/5
   967 | D:2      | Reached XP level 3. HP: 31/31 MP: 4/7
  1398 | D:2      | Reached skill level 1 in Invocations
  2174 | D:2      | Reached skill level 1 in Short Blades
  2174 | D:2      | Reached skill level 1 in Long Blades
  2174 | D:2      | Reached skill level 1 in Axes
  2174 | D:2      | Reached skill level 1 in Maces & Flails
  2174 | D:2      | Reached skill level 1 in Polearms
  2174 | D:2      | Reached skill level 1 in Staves
  2174 | D:2      | Reached skill level 1 in Slings
  2174 | D:2      | Reached skill level 1 in Bows
  2174 | D:2      | Reached skill level 1 in Armour
  2174 | D:2      | Reached skill level 1 in Dodging
  2174 | D:2      | Reached skill level 1 in Stealth
  2174 | D:2      | Reached skill level 1 in Unarmed Combat
  2174 | D:2      | Reached skill level 1 in Evocations
  2609 | D:3      | Reached XP level 4. HP: 34/38 MP: 5/8
  3437 | D:4      | Reached skill level 1 in Conjurations
  3437 | D:4      | Reached skill level 1 in Hexes
  3437 | D:4      | Reached skill level 1 in Summonings
  3437 | D:4      | Reached skill level 1 in Necromancy
  3437 | D:4      | Reached skill level 1 in Translocations
  3437 | D:4      | Reached skill level 1 in Transmutations
  3437 | D:4      | Reached skill level 1 in Ice Magic
  3437 | D:4      | Reached skill level 1 in Air Magic
  3437 | D:4      | Reached skill level 1 in Poison Magic
  3577 | D:4      | Reached XP level 5. HP: 15/43 MP: 5/9
  3977 | D:4      | Noticed a necrophage
  3990 | D:4      | Killed a necrophage
  3991 | D:4      | Reached XP level 6. HP: 44/50 MP: 3/11
  4075 | D:4      | Found a bloodstained altar of Trog.
  4144 | D:4      | Reached skill level 5 in Fighting
  4843 | D:5      | Entered Level 5 of the Dungeon
  5077 | D:5      | Noticed a necrophage
  5090 | D:5      | Killed a necrophage
  5091 | D:5      | Reached XP level 7. HP: 56/56 MP: 7/12
  5106 | D:5      | Found a hide-covered altar of Uskayaw.
  5107 | D:5      | Identified the +1 ring mail "Jakhlitz Xuost" {rC- Int+6}
  5144 | D:5      | Found a glowing golden altar of the Shining One.
  5505 | D:5      | Found a shimmering altar of Xom.
  5574 | D:5      | Became a worshipper of Uskayaw the Reveller
  5666 | D:5      | Reached * piety under Uskayaw
  5774 | D:5      | Reached ** piety under Uskayaw
  5884 | D:5      | Reached *** piety under Uskayaw
  5886 | D:5      | Reached XP level 8. HP: 58/63 MP: 12/14
  6013 | D:6      | Noticed Maggie
  6024 | D:6      | HP: 3/63 [Maggie (12)]
  6024 | D:6      | Slain by Maggie

Illustrated notes

Levels and vault maps discovered:
D:1:      dpeg_arrival_ternary, layout_basic, serial_park_tiny_2,
          solitary_fountain
D:2:      kb_forest_paths, layout_basic, minmay_fountain_box
D:3:      minmay_diamond_boxcup, layout_basic, dk_vineyard_1
D:4:      layout_basic, nicolae_overflow_hidden_temple, patterned_corridor
D:5:      layout_rooms, nicolae_uskayaw_dance_hall,
          nicolae_tso_besieged_by_evil, lemuel_doored_altar, item_on_display_b
D:6:      layout_basic, minmay_temple_entry_grid, minmay_microvault,
          uniq_edmund, uniq_duvessa, uniq_maggie

Skill      XL: |  1  2  3  4  5  6  7  8 |
---------------+-------------------------+-----
Invocations    | 1 2 3 |  3.4
Short Blades   | 1 2 3 |  3.1
Long Blades    | 1 2 3 |  3.1
Axes           | 1 2 3 |  3.1
Maces & Flails | 1 2 3 |  3.1
Polearms       | 1 2 3 |  3.1
Staves         | 1 2 3 |  3.1
Slings         | 1 2 3 |  3.1
Bows           | 1 2 3 |  3.1
Armour         | 1 2 3 |  3.1
Dodging        | 1 2 3 |  3.1
Stealth        | 1 2 3 |  3.1
Unarmed Combat | 1 2 3 |  3.1
Evocations     | 1 2 3 |  3.1
Spellcasting   | 3 4 |  4.2
Conjurations   | 1 2 |  2.5
Hexes          | 1 2 |  2.5
Summonings     | 1 2 |  2.5
Necromancy     | 1 2 |  2.5
Translocations | 1 2 |  2.5
Transmutations | 1 2 |  2.5
Ice Magic      | 1 2 |  2.5
Air Magic      | 1 2 |  2.5
Poison Magic   | 1 2 |  2.5
Crossbows      | 3 4 |  4.0
Throwing       | 3 4 |  4.0
Shields        | 3 4 |  4.0
Fire Magic     | 4 |  4.6
Earth Magic    | 4 |  4.6
Fighting       | 5 |  5.5

Action                   |  1- 3 |  4- 6 |  7- 9 || total
-------------------------+-------+-------+-------++-------
Melee: Dagger            |    66 |   150 |    28 ||   244
       Bite              |     3 |    10 |     9 ||    22
       Punch             |     1 |     1 |     1 ||     3
       Trident           |       |       |    54 ||    54
 Cast: Foxfire           |    53 |    20 |     4 ||    77
       Sandblast         |     3 |    32 |     4 ||    39
Evoke: Wand              |       |       |     2 ||     2
  Use: Scroll            |       |       |     9 ||     9
 Stab: Sleeping          |     1 |     4 |     1 ||     6
       Paralysed         |       |       |     1 ||     1
Armor: Robe              |    23 |    82 |    36 ||   141
Dodge: Dodged            |    43 |   110 |    63 ||   216
